 Dungeon Crawl Stone Soup version 0.27-a0-720-g3f424a255b (webtiles) character file.

Game seed: 2639958584025244152

39 PentaManta the Ducker (level 3, -3/19 HPs)
             Began as a Spriggan Abyssal Knight on Mar 23, 2021.
             Was a Follower of Lugonu.
             Succumbed to an adder's poison
             ... on level 2 of the Dungeon.
             The game lasted 00:02:01 (1466 turns).

PentaManta the Ducker (Spriggan Abyssal Knight)     Turns: 1466, Time: 00:02:02

Health: -3/19      AC:  3    Str:  8    XL:     3   Next: 28%
Magic:  5/5        EV: 18    Int: 13    God:    Lugonu [*.....]
Gold:   91         SH:  0    Dex: 15    Spells: 2/2 levels left

rFire    . . .     SeeInvis +   a - +1 falchion
rCold    . . .     Faith    .   (shield restricted)
rNeg     . . .     Spirit   .   b - +0 robe
rPois    .         Reflect  .   (helmet restricted)
rElec    .         Harm     .   j - +0 cloak
rCorr    .         Rampage  .   (gloves unavailable)
Will     .....                  (boots unavailable)
Stlth    +.........             (no amulet)
HPRegen  0.06/turn              (no ring)
MPRegen  0.09/turn              (no ring)

@: lethally poisoned (-3 -> -18), very quick
A: very small, no large weapons, unfitting armour, see invisible, speed 3
a: Renounce Religion, Depart the Abyss


You were on level 2 of the Dungeon.
You worshipped Lugonu.
Lugonu was aware of your devotion.
You visited 1 branch of the dungeon, and saw 2 of its levels.
You visited the Abyss 1 time.

You collected 91 gold pieces.

Inventory:

Hand Weapons
 a - a +1 falchion (weapon)
 h - a +0 hunting sling
Missiles
 i - 15 stones
Armour
 b - a +0 robe (worn)
 j - a +0 cloak (worn)
Jewellery
 e - an amulet of faith
 k - a ring of poison resistance
Scrolls
 d - a scroll of identify {unknown}
 g - a scroll of enchant armour {unknown}
Potions
 c - 2 potions of heal wounds {unknown}
 f - a potion of curing {unknown}


   Skills:
 - Level 2.4 Fighting
 + Level 2.4 Long Blades
 + Level 4.3 Dodging
 - Level 1.7 Invocations


You had 2 spell levels left.
You didn't know any spells.
Your spell library was empty.

Dungeon Overview and Level Annotations

Branches:
Dungeon (2/15)

Altars:

Annotations:
D:1 1 exclusion


Innate Abilities, Weirdness & Mutations

You are very small and have problems with some larger weapons.
You are too small for most types of armour.
You have supernaturally acute eyesight. (SInv)
You cover ground extremely quickly. (Speed+++)


Message History

You hit the adder but do no damage.
The frilled lizard completely misses you.
The adder bites you. The frilled lizard bites you.
You miss the adder. The adder closely misses you. The adder barely misses you.
You riposte.
You hit the adder.
The adder is moderately wounded.
The frilled lizard completely misses you.
You riposte.
You closely miss the frilled lizard. You hit the adder.
The adder is heavily wounded.
The adder closely misses you.
The frilled lizard bites you but does no damage.
The adder closely misses you.
You hit the adder but do no damage.
The adder is heavily wounded.
The frilled lizard bites you but does no damage.
The adder completely misses you.
You closely miss the adder.
The adder is heavily wounded.
The adder barely misses you.
The frilled lizard completely misses you.
The adder completely misses you.
You riposte.
You miss the adder.
The adder is heavily wounded.
You hit the adder.
The adder is severely wounded.
The frilled lizard bites you. The adder closely misses you.
The frilled lizard misses you.
You riposte.
You miss the frilled lizard. You closely miss the adder.
The adder is severely wounded.
The adder barely misses you. The adder bites you.
The frilled lizard closely misses you.
You riposte.
You miss the frilled lizard. You barely miss the adder.
The adder is severely wounded.
The adder bites you.
* * * LOW HITPOINT WARNING * * *
You are lethally poisoned!
The adder poisons you! The frilled lizard bites you.
* * * LOW HITPOINT WARNING * * *
You die...

. .######## ........##
######
...####..#####....# .
##..####..........# ..
##.).########.#..###...
#####......##..#........
.........#..#.#.........
########........@.####...
###.......l......
.....##...S.###.( .####
#.###.# #.# #..# ..#
#####...# #...# ...
...(..... #..#.# #...
#....### ...... #.#.
..#### ... .#


You could see an adder and a frilled lizard.

Vanquished Creatures
  3 dart slugs
  2 giant cockroaches
  4 goblins
  4 hobgoblins
  3 kobolds (D:1)
  2 oozes (D:1)
  3 ball pythons
  5 bats (D:1)
  A frilled lizard (D:2)
  6 rats
33 creatures vanquished.

Notes
Turn   | Place    | Note
-------+----------+-------------------------------------------
     0 | Abyss:1  | PentaManta the Spriggan Abyssal Knight began the quest for
                  | the Orb.
     0 | Abyss:1  | Reached XP level 1. HP: 11/11 MP: 3/3
    70 | Abyss:1  | Noticed a small abomination
    90 | Abyss:1  | Noticed a small abomination
    92 | D:1      | Escaped the Abyss
   399 | D:1      | Reached * piety under Lugonu
   400 | D:1      | Reached XP level 2. HP: 7/16 MP: 4/4
   833 | D:1      | Reached skill level 4 in Dodging
  1209 | D:2      | Reached XP level 3. HP: 19/19 MP: 5/5
  1466 | D:2      | Succumbed to an adder's poison

Illustrated notes

Levels and vault maps discovered:
D:1:      mrwooster_arrival_statue_2, layout_rooms, due_unseen_surprise
D:2:      layout_rooms

Skill      XL: |  1  2 |
---------------+-------+-----
Long Blades    | 2 |  2.4
Dodging        | 4 |  4.3
Fighting       | |  2.4
Invocations    | |  1.7

Action                   || total
-------------------------++-------
Melee: Falchion          ||    84
Invok: Depart the Abyss  ||     1
 Stab: Sleeping          ||     3
Armor: Robe              ||    11
Dodge: Dodged            ||    74
       Rpst.: Falchion   ||    22

Table legend: (Time is in decaauts)
 A = Elapsed time spent in this place.
 B = Non-inter-level travel time spent in this place.
 C = Inter-level travel time spent in this place.
 D = Time resting spent in this place.
 E = Time spent auto-exploring this place.
 F = Levels seen in this place.
 G = Mean time per level.
                   A        B        C        D        E       F      G
               +--------+--------+--------+--------+--------+-----+--------+
         Total |   1227 |   1212 |     15 |    120 |    884 |   3 |  409.0 |
       Dungeon |   1172 |   1157 |     15 |    120 |    842 |   2 |  586.0 |
         Abyss |     55 |     55 |      0 |      0 |     42 |   1 |   55.0 |
               +--------+--------+--------+--------+--------+-----+--------+

Top non-repeatable levels by time:
     D:1: 942 daAuts
     D:2: 230 daAuts
 Abyss:1: 55 daAuts
